 Dungeon Crawl Stone Soup version 0.20.1-1-g8b1a95d (webtiles) character file.

574 doot the Chopper (level 7, 0/52 HPs)
             Began as a Demonspawn Gladiator on Sept 17, 2017.
             Succumbed to a scorpion's poison
             ... on level 5 of the Dungeon.
             The game lasted 00:09:33 (3842 turns).

doot the Chopper (Demonspawn Gladiator)             Turns: 3842, Time: 00:09:34

Health: 0/52       AC: 11    Str: 21 (22) XL:     7   Next: 12%
Magic:  3/7        EV: 17    Int:  7 (9)  God:
Gold:   286        SH:  0    Dex: 17 (19) Spells: 6/6 levels left

rFire    . . .     SeeInvis .   r - +0 battleaxe
rCold    . . .     Gourm    .   (shield currently unavailable)
rNeg     . . .     Faith    .   w - +3 scale mail
rPois    .         Spirit   +   (helmet restricted)
rElec    .         Reflect  .   (no cloak)
rCorr    +         Harm     .   x - +0 pair of gloves
MR       .....                  (no boots)
Stlth    +.........             (no amulet)
Regen    0.2/turn               o - ring of resist corrosion
MPRegen  0.1/turn               (no ring)

@: mighty, agile, lethally poisoned (0 -> -18)
A: antennae 2, hooves 1, mutation resistance 1, powered by pain 2, magic shield
a: no special abilities


You were on level 5 of the Dungeon.
You were hungry.

You visited 1 branch of the dungeon, and saw 5 of its levels.

You collected 286 gold pieces.

Inventory:

Hand Weapons
 a - a +0 war axe
 r - a +0 battleaxe (weapon)
 y - a +0 hunting sling of freezing
Missiles
 d - 3 throwing nets (quivered)
Armour
 b - a +0 leather armour
 c - a +0 helmet
 j - a +0 chain mail
 s - a +0 chain mail
 t - a +0 pair of boots
 w - a +3 scale mail (worn)
 x - a +0 pair of gloves (worn)
Jewellery
 o - a ring of resist corrosion (left hand)
 A - a +4 ring of intelligence {unknown}
Wands
 C - a wand of lightning (6/15)
Scrolls
 e - 3 scrolls of recharging {unknown}
 g - 2 scrolls of remove curse
 h - 2 scrolls of identify
 l - a scroll of immolation {unknown}
 m - 3 scrolls of enchant armour {unknown}
 p - a scroll of random uselessness {unknown}
 q - 2 scrolls of fear {unknown}
 u - a scroll of amnesia {unknown}
Potions
 z - a potion of agility
Comestibles
 f - 3 bread rations
 i - 6 royal jellies
 k - 5 meat rations


   Skills:
 + Level 3.3 Fighting
 + Level 5.2 Axes
 + Level 1.9 Throwing
 + Level 3.4 Armour
 + Level 3.6 Dodging
 + Level 0.8 Stealth


You had 6 spell levels left.
You didn't know any spells.

Dungeon Overview and Level Annotations

Branches:
Dungeon (5/15)
 Temple: D:4-7

Altars:
Okawaru
Ru


Innate Abilities, Weirdness & Mutations

You have a pair of antennae on your head.
You sometimes gain power by taking damage.
When hurt, damage is shared between your health and your magic reserves.
You have large cloven feet.
You are somewhat resistant to further mutation.


Message History

You are more poisoned.
The scorpion poisons you!
It was a potion of agility.
You feel agile all of a sudden.
* * * LOW HITPOINT WARNING * * *
You feel sick.
The scorpion stings you but does no damage.
It was a potion of might.
You feel very mighty all of a sudden.
* * * LOW HITPOINT WARNING * * *
You feel sick. The scorpion stings you.
* * * LOW HITPOINT WARNING * * *
It was a potion of degeneration.
There was something very wrong with that liquid.
You feel weakened.
You feel dopey.
You feel clumsy.
* * * LOW HITPOINT WARNING * * *
You feel sick. The scorpion misses you.
You closely miss the scorpion. You kick the scorpion.
You kill the scorpion!
You die...

.........+
+....>.....#
######..##
#..#########
# #..# #..# #
#..# #..# #
### #..#
#..######## #
#..........
+.##.########
#...@# ####.#
#.# #.# #.#
..# ..# ..#


There were no monsters in sight!

Vanquished Creatures
  3 phantoms
  A scorpion (D:5)
  An orc priest (D:3)
  An orc wizard (D:3)
  A bullfrog skeleton (D:3)
  7 adders
  A shadow imp (D:5)
  An ooze (D:2)
  An adder skeleton (D:5)
  7 worms
  A dart slug (D:1)
  3 leopard geckos
  4 orcs (D:3)
  A ball python (D:3)
  4 giant cockroaches
  6 goblins
  12 hobgoblins
  7 jackals
  9 bats
  11 frilled lizards
  3 kobolds
  A quokka skeleton (D:4)
  A rat (D:2)
87 creatures vanquished.

Notes
Turn   | Place    | Note
-------+----------+-------------------------------------------
     0 | D:1      | doot the Demonspawn Gladiator began the quest for the Orb.
     0 | D:1      | Reached XP level 1. HP: 16/16 MP: 1/1
    36 | D:1      | Gained mutation: You have a pair of small antennae on your head. [demonic ancestry]
    36 | D:1      | Reached XP level 2. HP: 15/22 MP: 2/2
   397 | D:1      | Reached skill level 3 in Axes
   675 | D:1      | Gained mutation: You sometimes gain a little power by taking damage. [demonic ancestry]
   675 | D:1      | Reached XP level 3. HP: 27/27 MP: 3/3
   766 | D:2      | Reached skill level 1 in Armour
  1062 | D:2      | Found an iron altar of Okawaru.
  1275 | D:2      | Gained mutation: You have a pair of antennae on your head. [demonic ancestry]
  1275 | D:2      | Reached XP level 4. HP: 9/34 MP: 4/4
  1276 | D:2      | Gained mutation: You have large cloven feet. [potion of mutation]
  1276 | D:2      | Gained mutation: You are somewhat resistant to further mutation. [potion of mutation]
  2454 | D:3      | Reached XP level 5. HP: 34/39 MP: 5/5
  2461 | D:3      | Reached skill level 4 in Axes
  3201 | D:4      | Found a sacrificial altar of Ru.
  3235 | D:4      | Noticed a phantom
  3293 | D:4      | Killed a phantom
  3293 | D:4      | Gained mutation: When hurt, damage is shared between your health and your magic reserves. [demonic ancestry]
  3293 | D:4      | Reached XP level 6. HP: 27/47 MP: 6/6
  3668 | D:5      | Entered Level 5 of the Dungeon
  3737 | D:5      | Reached skill level 5 in Axes
  3787 | D:5      | Gained mutation: You sometimes gain power by taking damage. [demonic ancestry]
  3787 | D:5      | Reached XP level 7. HP: 48/52 MP: 7/7
  3842 | D:5      | Succumbed to a scorpion's poison

Skill      XL: |  1  2  3  4  5  6 |
---------------+-------------------+-----
Axes           | 3 4 5 |  5.2
Dodging        | 3 |  3.6
Armour         | 1 2 3 |  3.4
Fighting       | 3 |  3.3
Throwing       | |  1.9
Stealth        | |  0.8

Action                   |  1- 3 |  4- 6 |  7- 9 || total
-------------------------+-------+-------+-------++-------
Melee: War axe           |    93 |       |       ||    93
       Battleaxe         |    21 |   148 |    21 ||   190
       Kick              |       |    34 |     5 ||    39
  Use: Scroll            |       |     3 |       ||     3
       Potion            |       |     2 |     3 ||     5
 Stab: Sleeping          |     2 |       |       ||     2
  Eat: Chunk             |     1 |     8 |       ||     9
Armor: Leather armour    |    54 |       |       ||    54
       Chain mail        |       |    79 |       ||    79
       Scale mail        |       |    14 |     9 ||    23
Dodge: Dodged            |   116 |    81 |    13 ||   210
